AoeStats
← momoJR

MegaRandom

506742350Analyzed
1v1 RM · 17d ago on Sep 14, 2026· 50m 24s· 2 players
Game mode
Random Map
Map size
Tiny (2 player)
Population
200
Speed
Normal
Resources
Standard
Victory
Conquest
Starting age
Dark Age
Ending age
Imperial Age
RankedLock teamsTeams togetherTeam positionsShared explorationLock speedFull tech treeHidden civsTurbo modeCheats
Victory
Defeat
🇦🇷 Byzantines · Argentina
1272
+14
🇨🇱 Bengalis · Chile
1230
-14
Giganton
9:53 Feudal Age
11:41 Bloodlines
13:52 Forging
16:45 Double-Bit Axe
18:27 Horse Collar
23:37 Castle Age
23:18 Padded Archer Armor
23:08 Fletching
24:54 Bow Saw
24:47 Heavy Plow
25:13 Husbandry
25:30 Squires
24:51 Pikeman
28:34 Town Watch
30:58 Gold Mining
36:01 Wheelbarrow
35:26 Town Patrol
36:26 Scale Barding Armor
36:57 Iron Casting
37:54 Hand Cart
38:29 Gold Shaft Mining
42:13 Imperial Age
42:18 Heavy Scorpion
42:29 Halberdier
44:20 Blast Furnace
43:50 Conscription
44:41 Siege Elephant
47:06 Onager
48:54 Chemistry
47:55 Halberdier
48:32 Onager
momoJR
9:06 Loom
11:14 Feudal Age
12:59 Double-Bit Axe
18:17 Castle Age
16:46 Horse Collar
18:35 Fishing Lines
19:18 Squires
19:36 Bow Saw
21:41 Husbandry
22:58 Gillnets
25:48 Wheelbarrow
25:57 Scale Barding Armor
26:02 Forging
26:43 Pikeman
28:02 Gold Mining
28:44 Chain Barding Armor
31:37 Imperial Age
29:20 Heavy Plow
30:28 Forging
30:08 Fletching
32:10 Hand Cart
32:19 Ballistics
33:48 Chemistry
33:12 Conscription
34:19 Two-Man Saw
33:28 Treadmill Crane
35:17 Gold Shaft Mining
34:32 Stone Mining
35:30 Plate Barding Armor
34:51 Bodkin Arrow
34:59 Scale Mail Armor
37:20 Bracer
38:37 Medium Warships
38:43 Arrowslits
38:48 Guard Tower
39:58 Crop Rotation
41:02 Elite Cataphract
42:05 Chain Mail Armor
42:26 Iron Casting
43:32 Logistica
47:57 Sanctity
48:07 Chain Mail Armor
Connection lost

Rejoining the realm…

Still unreachable

The connection could not be restored.

Session expired

The server has moved on; the page needs a fresh start.